 Dungeon Crawl Stone Soup version 0.25-a0-424-g80bd347ae0 (webtiles) character file.

Game seed: 10135617054683055417, levelgen mode: deterministic

301 kae the Changer (level 6, 0/70 HPs)
             Began as a Draconian Transmuter on Jan 23, 2020.
             Succumbed to an orc's poison
             ... on level 3 of the Dungeon.
             The game lasted 00:02:59 (3216 turns).

kae the Changer (Draconian Transmuter)              Turns: 3216, Time: 00:03:00

Health: 0/70       AC:  2    Str: 17    XL:     6   Next: 14%
Magic:  5/9        EV: 19    Int: 15    God:
Gold:   216        SH:  0    Dex: 17    Spells: 3/9 levels left

rFire    . . .     SeeInvis .     - Unarmed
rCold    . . .     Gourm    .   (shield currently unavailable)
rNeg     . . .     Faith    .   (armour unavailable)
rPois    x         Spirit   .   (helmet currently unavailable)
rElec    .         Reflect  .   (cloak currently unavailable)
rCorr    .         Harm     .   (gloves currently unavailable)
MR       .....                  (boots currently unavailable)
Stlth    ..........             (no amulet)
HPRegen  0.21/turn              (no ring)
MPRegen  0.11/turn              (no ring)

@: berserking (expiring), lethally poisoned (0 -> -16), spider-form (expiring),
very quick
A: tiny, unfitting armour, AC +6
a: End Transformation


You were on level 3 of the Dungeon.
You were very hungry.
You were a venomous arachnid creature.
You visited 1 branch of the dungeon, and saw 3 of its levels.

You collected 216 gold pieces.

Inventory:

Hand Weapons
 i - a +0 hand axe (melded)
Missiles
 a - 21 arrows
Armour
 b - a +2 cloak (melded)
Wands
 h - a wand of flame (10)
 p - a wand of polymorph (9)
Scrolls
 e - a scroll of teleportation
Potions
 f - a potion of flight
 j - 3 potions of agility {unknown}
 k - 2 potions of haste {unknown}
 l - a potion of might {unknown}
 m - a potion of mutation {unknown}
 n - a potion of heal wounds {unknown}
 o - a potion of magic {unknown}
Comestibles
 c - 4 rations


   Skills:
 - Level 1.1 Fighting
 - Level 1.7 Dodging
 - Level 3.0 Unarmed Combat
 - Level 2.0 Spellcasting
 + Level 6.5 Transmutations


You had 3 spell levels left.
You knew the following spells:

 Your Spells              Type           Power        Failure   Level  Hunger
a - Beastly Appendage     Tmut           ###...       7%          1    #......
b - Sticks to Snakes      Tmut           ###.....     9%          2    ###....
c - Spider Form           Tmut/Pois      ##........   36%         3    ###....

Your spell library contained the following spells:

 Spells                   Type           Power        Failure   Level  Hunger
 Blade Hands              Tmut           ###.......   61%         5    ######.
 Ice Form                 Ice/Tmut       ##......     71%         4    #####..


Dungeon Overview and Level Annotations

Branches:
Dungeon (3/15)

Altars:
Ashenzari
Nemelex Xobeh
Okawaru
Wu Jian

Annotations:
D:3 exclusion: orc wizard


Innate Abilities, Weirdness & Mutations

((Your plain brown scales are hard. (AC +6)))
You cannot fit into any form of body armour.
((You are cold-blooded and may be slowed by cold attacks.))


Message History

* * * LOW HITPOINT WARNING * * *
You feel very sick.
It was a potion of berserk rage.
A red film seems to cover your vision as you go berserk!
You feel yourself moving faster!
You feel mighty!
You feel yourself speed up.
* * * LOW HITPOINT WARNING * * *
You feel very sick. The orc closely misses you.
You feel a strong urge to attack something.
* * * LOW HITPOINT WARNING * * *
You feel sick. The orc completely misses you.
You completely miss the orc.
* * * LOW HITPOINT WARNING * * *
You feel sick.
You barely miss the orc.
* * * LOW HITPOINT WARNING * * *
You feel sick. The orc misses you.
You barely miss the orc.
You die...

.........+ ..#......# #.#
###......# #####.#......# #.#
######## #.....######## #.#
######## #.....# #.# #......#
#.....# #.# #......# #.o...# #.#
#......# #.# #.# #......# #####o#
#.# #......# #...s.# ########.###
#(.....# #....%####...........
###......####.................#.#
.........##.....######.########.#
.........#.)###..# #.# #.#
...)...###.##.##.### #.# #.#
##.....#...#...#...###.# #.#
.'.......####'####..##.# #.#
##......##.#)..#.##.##.# #.#


You could see an orc.

Vanquished Creatures
  A black bear (D:3)
  2 orc wizards (D:3)
  A gnoll (D:1)
  5 adders
  2 worms (D:3)
  3 dart slugs
  3 leopard geckos
  4 orcs (D:3)
  6 bats
  4 giant cockroaches
  10 goblins
  11 hobgoblins
  4 jackals (D:3)
  2 ball pythons
  4 frilled lizards
  3 kobolds
  8 rats
73 creatures vanquished.

Vanquished Creatures (collateral kills)
  An adder (D:3)
  An adder skeleton (D:3)
  An orc (D:3)
  A ball python (D:3)
  A bat (D:3)
  A goblin (D:3)
  A hobgoblin (D:3)
7 creatures vanquished.

Grand Total: 80 creatures vanquished

Notes
Turn   | Place    | Note
-------+----------+-------------------------------------------
     0 | D:1      | kae the Draconian Transmuter began the quest for the Orb.
     0 | D:1      | Reached XP level 1. HP: 16/16 MP: 3/3
   148 | D:1      | Reached XP level 2. HP: 23/23 MP: 3/5
   196 | D:1      | HP: 1/23 [hobgoblin (3)]
   199 | D:1      | Reached skill level 3 in Transmutations
   225 | D:1      | HP: 1/23 [bat (1)]
   720 | D:1      | Reached XP level 3. HP: 14/28 MP: 6/6
  1342 | D:2      | Learned a level 2 spell: Sticks to Snakes
  1346 | D:2      | Learned a level 3 spell: Spider Form
  1383 | D:2      | Found a shattered altar of Ashenzari.
  1439 | D:2      | Reached skill level 4 in Transmutations
  1501 | D:2      | Reached XP level 4. HP: 31/35 MP: 3/7
  1580 | D:2      | Found an iron altar of Okawaru.
  2226 | D:3      | Reached skill level 5 in Transmutations
  2369 | D:3      | Noticed a black bear
  2380 | D:3      | Killed a black bear
  2380 | D:3      | Reached XP level 5. HP: 37/40 MP: 4/8
  2471 | D:3      | Reached skill level 6 in Transmutations
  3040 | D:3      | Found an ornate altar of the Wu Jian Council.
  3052 | D:3      | Found a sparkling altar of Nemelex Xobeh.
  3200 | D:3      | HP: 2/40 [orc wizard/magic dart (9)]
  3201 | D:3      | Reached XP level 6. HP: 12/47 MP: 6/9
  3212 | D:3      | HP: 3/70 [poisoned by an orc]
  3214 | D:3      | HP: 1/70 [poisoned by an orc]
  3216 | D:3      | Succumbed to an orc's poison

Levels and vault maps discovered:
D:1:      grunt_arrival_crossed_arrows, layout_basic, minmay_close_crescents
D:2:      layout_rooms, nicolae_overflow_crystal_walls, lemuel_doored_altar
D:3:      cheibrodos_greedy_goblins, layout_basic, grunt_temple_overflow_open,
          first_ration

Skill      XL: |  1  2  3  4  5 |
---------------+----------------+-----
Transmutations | 3 4 5 6 |  6.5
Fighting       | |  1.1
Dodging        | |  1.7
Unarmed Combat | |  3.0
Spellcasting   | |  2.0

Action                   |  1- 3 |  4- 6 || total
-------------------------+-------+-------++-------
Melee: Unarmed           |    18 |    29 ||    47
       Headbutt          |     7 |     1 ||     8
       Dagger            |    86 |       ||    86
       Kick              |    15 |     9 ||    24
       Punch             |     3 |       ||     3
       Tailslap          |    10 |    18 ||    28
       Hand axe          |    11 |   122 ||   133
 Cast: Beastly Appendage |    22 |     9 ||    31
       Sticks to Snakes  |     2 |     5 ||     7
       Spider Form       |       |     4 ||     4
  Use: Scroll            |     1 |     2 ||     3
       Potion            |       |     4 ||     4
  Eat: Chunk             |     3 |     5 ||     8
Armor: Skin              |    43 |    61 ||   104
Dodge: Dodged            |    78 |   156 ||   234

Table legend:
 A = Non-vault XP
 B = Vault XP
 C = Vault XP percentage of total XP
 D = Non-vault monster count
 E = Vault monster count
 F = Vault count percentage of total count
                 A         B        C        D         E       F
            +---------+---------+-------+---------+---------+-------
      Total |     399 |      31 |   7.2 |      64 |      16 |  20.0
            +---------+---------+-------+---------+---------+-------
        D:1 |      48 |      10 |  17.2 |      21 |       5 |  19.2
        D:2 |      68 |       0 |   0.0 |      17 |       0 |   0.0
        D:3 |     283 |      21 |   6.9 |      26 |      11 |  29.7
            +---------+---------+-------+---------+---------+-------
